 Dungeon Crawl Stone Soup version 0.25-b1-23-ge2ad7d536c (webtiles) character file.

Game seed: 7267025863787328052, levelgen mode: deterministic

379055 DDFiAutism the Executioner (level 21, -50/196 HPs)
             Began as a Deep Dwarf Fighter on June 3, 2020.
             Was the Champion of Makhleb.
             Killed from afar by Quiso the pandemonium lord (91 damage)
             ... with a crystal spear
             ... on level 2 of a ziggurat.
             The game lasted 00:49:54 (21122 turns).

DDFiAutism the Executioner (Deep Dwarf Fighter)    Turns: 21122, Time: 00:49:55

Health: -50/196    AC: 45    Str: 30    XL:     21   Next: 51%
Magic:  23/23      EV: 16    Int: 16    God:    Makhleb [******]
Gold:   1640       SH: 14    Dex: 22    Spells: 20/20 levels left

rFire    + + +     SeeInvis +   Y - +7 broad axe of Qazlal's Regard {vorpal, SInv}
rCold    . . .     Gourm    .   c - +0 kite shield
rNeg     + + .     Faith    .   t - +10 plate armour of the Abyss {rF+ Stlth+}
rPois    +         Spirit   .   P - +4 helmet of Sophism {rPois rF+ Slay+3}
rElec    +         Reflect  .   F - +2 cloak of Hetuf {rElec rF+ Str-3}
rCorr    .         Harm     .   b - +2 pair of gloves {Dex+3}
MR       +++..                  j - +0 pair of boots
Stlth    ..........             S - amulet of Muruocw {RegenMP rF+ Dex+3}
HPRegen  0.00/turn              l - ring of the Priest {rElec rF+ rN+ Int+4 Dex+4}
MPRegen  0.43/turn              e - +6 ring of strength

@: non-regenerating
A: damage resistance, heal wounds, icy blue scales 1, camouflage 1, negative
energy resistance 1, sense surroundings 3, shaggy fur 1, subdued magic 1, no
regeneration
}: 3/15 runes: barnacled, slimy, gossamer
a: Heal Wounds, Minor Destruction, Lesser Servant of Makhleb, Major Destruction,
Greater Servant of Makhleb, Renounce Religion


You were on level 2 of a ziggurat.
You worshipped Makhleb.
Makhleb was exalted by your worship.
You were full.

You visited 8 branches of the dungeon, and saw 41 of its levels.
You visited 1 ziggurat, and saw 2 of its levels.
You also visited: Ossuary, Gauntlet and Ice Cave.

You collected 3324 gold pieces.
You spent 1684 gold pieces at shops.

Inventory:

Hand Weapons
 a - the +7 battleaxe of Nurun {flame, *Drain rC+ Str+5 Int+5}
   (You found it on level 4 of the Shoals)

   It has been specially enchanted to burn those struck by it, causing extra
   injury to most foes and up to half again as much damage against particularly
   susceptible opponents.
   Big, fiery blades are also staple armaments of hydra-hunters.
   It affects your strength (+5).
   It affects your intelligence (+5).
   It protects you from cold.
   It causes draining when unequipped.
 W - a +5 broad axe
 Y - the +7 broad axe of Qazlal's Regard (weapon) {vorpal, SInv}
   (You found it on level 5 of the Pits of Slime)

   It inflicts extra damage upon your enemies.
   It lets you see invisible.
Missiles
 n - 41 poisoned darts
 I - 3 throwing nets (quivered) {!f}
Armour
 b - a +2 pair of gloves of dexterity (worn)
 c - a +0 kite shield (worn)
 j - a +0 pair of boots (worn)
 t - the +10 plate armour of the Abyss (worn) {rF+ Stlth+}
   (You found it on level 6 of the Dungeon)

   It protects you from fire.
   It makes you more stealthy.
 F - the +2 cloak of Hetuf (worn) {rElec rF+ Str-3}
   (You found it in a Gauntlet)

   It affects your strength (-3).
   It protects you from fire.
   It insulates you from electricity.
 P - the +4 helmet of Sophism (worn) {rPois rF+ Slay+3}
   (You found it in a Gauntlet)

   It affects your accuracy and damage with ranged weapons and melee attacks
   (+3).
   It protects you from fire.
   It protects you from poison.
Jewellery
 e - a +6 ring of strength (right hand)
 g - an uncursed amulet of reflection
 l - the ring of the Priest (left hand) {rElec rF+ rN+ Int+4 Dex+4}
   (You bought it in a shop on level 2 of the Orcish Mines)

   [ring of protection from fire]

   It affects your intelligence (+4).
   It affects your dexterity (+4).
   It protects you from fire.
   It insulates you from electricity.
   It protects you from negative energy.
 S - the amulet of Muruocw (around neck) {RegenMP rF+ Dex+3}
   (You found it on level 5 of the Pits of Slime)

   [amulet of magic regeneration]

   It increases your magic regeneration.
   It affects your dexterity (+3).
   It protects you from fire.
 X - an uncursed ring of see invisible
Wands
 d - a wand of random effects (40)
 v - a wand of polymorph (21)
 G - a wand of iceblast (43)
 K - a wand of digging (10)
 R - a wand of clouds (7)
 U - a wand of enslavement (34)
 V - a wand of paralysis (6)
Scrolls
 k - 11 scrolls of remove curse {!r}
 m - 12 scrolls of teleportation {!r}
 r - 4 scrolls of fog {!r}
 A - 2 scrolls of holy word {!r}
 H - 3 scrolls of immolation {!r}
 M - 2 scrolls of fear {!r}
 N - 2 scrolls of identify {!r}
 Q - 6 scrolls of amnesia {!r}
 Z - 3 scrolls of enchant armour {!r}
Potions
 h - 6 potions of ambrosia {!q}
 o - 3 potions of magic {!q}
 p - 7 potions of curing {!q}
 q - 4 potions of brilliance {!q}
 u - a potion of invisibility {!q}
 w - 4 potions of haste {!q}
 x - 3 potions of berserk rage {!q}
 y - 2 potions of might {!q}
 z - a potion of mutation {!q}
 B - 4 potions of flight {!q}
 D - 5 potions of stabbing {!q}
 E - 3 potions of lignification {!q}
 J - a potion of resistance {!q}
 L - 3 potions of cancellation {!q}
 O - 5 potions of heal wounds {!q}
Miscellaneous
 i - a tin of tremorstones (2/3)
 C - 2 boxes of beasts
Comestibles
 f - 39 rations
 s - 2 chunks of flesh


   Skills:
 + Level 13.7 Fighting
 - Level 21.9 Axes
 + Level 7.4 Throwing
 - Level 16.1 Armour
 + Level 11.6 Dodging
 + Level 10.2 Shields
 + Level 15.3 Invocations
 - Level 19.0 Evocations


You had 20 spell levels left.
You didn't know any spells.
Your spell library contained the following spells:

 Spells                   Type           Power        Failure   Level  Hunger
 Animate Skeleton         Necr           N/A          92%         1    ##.....
 Corona                   Hex            #......      92%         1    ##.....
 Magic Dart               Conj           #...         92%         1    ##.....
 Pain                     Necr           #...         92%         1    ##.....
 Sandblast                Erth           #.....       92%         1    ##.....
 Blink                    Tloc           N/A          98%         2    ###....
 Call Imp                 Summ           #.......     98%         2    ###....
 Passwall                 Tmut/Erth      #.......     98%         2    ###....
 Slow                     Hex            #.......     98%         2    ###....
 Confusing Touch          Hex            #.......     100%        3    ####...
 Conjure Flame            Conj/Fire      #.......     100%        3    ####...
 Gell's Gravitas          Tloc           #.........   100%        3    ####...
 Inner Flame              Hex/Fire       #.......     100%        3    ####...
 Mephitic Cloud           Conj/Pois/Air  #.......     100%        3    ####...
 Portal Projectile        Hex/Tloc       #.....       100%        3    ####...
 Recall                   Summ/Tloc      N/A          100%        3    ####...
 Stone Arrow              Conj/Erth      #.....       100%        3    ####...
 Vampiric Draining        Necr           #.........   100%        3    ####...
 Animate Dead             Necr           N/A          100%        4    #####..
 Cause Fear               Hex            #.........   100%        4    #####..
 Leda's Liquefaction      Hex/Erth       #.........   100%        4    #####..
 Petrify                  Tmut/Erth      #.......     100%        4    #####..
 Agony                    Necr           #.......     100%        5    ######.
 Borgnjor's Vile Clutch   Necr/Erth      #.........   100%        5    ######.
 Lee's Rapid Deconstruct  Erth           #.........   100%        5    ######.
 Metabolic Englaciation   Hex/Ice        #.........   100%        5    ######.
 Yara's Violent Unravell  Hex/Tmut       #.........   100%        5    ######.
 Death Channel            Necr           #.........   100%        6    #######
 Simulacrum               Ice/Necr       #.........   100%        6    #######


Dungeon Overview and Level Annotations

Branches:
Dungeon (15/15)            Temple (1/1) D:6            Lair (5/6) D:11
 Shoals (4/4) Lair:3       Spider (4/4) Lair:2        Slime (5/5) Lair:5
    Orc (2/2) D:9             Elf (0/3) Orc:2        Vaults (0/5) D:14
 Depths (5/5) D:15            Zot (0/5) Depths:5    Ossuary (visited)
  IceCv (visited)         Gauntlet (visited)

Altars:
Cheibriados
Dithmenos
Elyvilon
Fedhas
Gozag
Hepliaklqana
Makhleb
Okawaru
Qazlal
Ru
Sif Muna
Uskayaw
Wu Jian
Xom
Yredelemnul
Jiyva

Shops:
D:15 [   Orc:2 %*}*   Shoals:4 =

Portals:
Hell: Depths:1 Depths:3 Depths:4 Depths:5
Abyss: Depths:1 Depths:3
Pandemonium: Depths:3

Annotations:
D:5 1 runed translucent door, Crazy Yiuf
Spider:3 2 transporters, Roxanne
Depths:3 1 runed translucent door


Innate Abilities, Weirdness & Mutations

You are resistant to damage.
You can heal yourself by infusing magical energy.
You resist negative energy. (rN+)
You passively map a large area around you.
You do not regenerate.
You are partially covered in icy blue scales. (AC +2)
Your skin changes colour to match your surroundings (Stealth+).
You are covered in fur. (AC +1)
Your spells are a little easier to cast, but a little less powerful.


Message History

Throwing (i - inventory. (/) - cycle)
I - 5 throwing nets (quivered)
{!f}
Press: ? - help, Shift-Dir - straight line, f - Quiso
Aim: Quiso (lightly wounded, fast) Really fire
I - 5 throwing nets {!f}?
You throw a throwing net {!f}.
The throwing net {!f} closely misses Quiso.
Quiso gestures.
Send 'em back where they came from!
Your balrug shudders.
Your blizzard demon disappears in a puff of smoke!
Throwing (i - inventory. (/) - cycle)
I - 4 throwing nets (quivered)
{!f}
Press: ? - help, Shift-Dir - straight line, f/p - Quiso
Aim: Quiso (lightly wounded, fast) Really fire
I - 4 throwing nets {!f}?
You throw a throwing net {!f}. The throwing net {!f} hits Quiso.
Quiso is caught in the net!
Quiso is lightly wounded.
Quiso gestures at you. The crystal spear hits you!!!!
You die...

▓▓▓▓▓▓▓▓
..... .▓▓ *
#... ..▓
▓%##...##§▓
▓∩!.......▓
▓>$$..&@.∩▓
▓∩=...2...▓
▓.##...##.▓
* ,#... ..▓
* ..... .▓▓
▓▓▓▓▓▓▓▓


You could see Quiso (fast, caught) and a friendly balrug (summoned).

Vanquished Creatures
  the Royal Jelly (Slime:5)
  A juggernaut (Depths:3)
  Boris (Depths:4)
  Bai Suzhen (Spider:3)
  3 caustic shrikes (Depths:2)
  Nikola (Spider:3)
  A golden dragon (Depths:2)
  A bone dragon (Depths:5)
  2 liches
  A tentacled monstrosity (Depths:2)
  A quicksilver dragon (Depths:2)
  11 acid blobs
  3 tengu reavers
  A draconian monk (Depths:5)
  A storm dragon (Depths:5)
  8 azure jellies
  2 shadow dragons (Depths:5)
  6 frost giants
  2 fire giants
  4 ghost moths
  An orc warlord (Orc:2)
  2 draconian annihilators (Depths:5)
  A balrug (Depths:1)
  2 spriggan defenders
  17 stone giants
  8 very ugly things
  2 entropy weavers
  3 black draconians (Depths:5)
  A deep elf demonologist (Depths:2)
  2 white draconians (Depths:5)
  A minotaur (Gauntlet)
  A red draconian (Depths:5)
  2 spark wasps (Spider:4)
  2 merfolk javelineers (Shoals:4)
  6 ettins
  9 fire dragons
  A deep elf high priest (Depths:2)
  5 merfolk impalers (Shoals:4)
  9 death oozes
  8 great orbs of eyes
  10 yaktaur captains
  Erolcha (D:11)
  5 ice dragons
  3 rakshasas
  4 vault guards (D:14)
  A juggernaut simulacrum (Depths:1)
  4 hydras
  A merfolk avatar (Shoals:4)
  A catoblepas (Lair:3)
  5 merfolk aquamancers (Shoals:4)
  9 centaur warriors
  2 ogre magi (D:15)
  9 two-headed ogres
  6 spriggan air magi
  2 alligator snapping turtles (Shoals:4)
  A satyr (Shoals:3)
  4 death yaks (Gauntlet)
  A death knight (D:14)
  3 tengu warriors
  A vampire mage (Depths:3)
  3 deep troll shamans
  8 deep troll earth magi
  4 spriggan berserkers
  A titan zombie (Depths:1)
  2 sun demons (Depths:1)
  8 skeletal warriors (D:15)
  15 hell knights
  7 sea snakes
  3 glowing orange brains
  A kraken simulacrum (Shoals:4)
  26 deep trolls
  3 unseen horrors
  2 orc knights (Orc:2)
  A flayed ghost (Depths:2)
  A lindwurm (Lair:4)
  Pikel (D:6)
  21 harpies
  A tengu skeleton (Depths:3)
  4 necromancers
  4 oklob plants
  15 fauns
  6 orc sorcerers
  13 orb spiders
  2 deep elf magi
  A salamander (shapeshifter) (Depths:3)
  18 wolf spiders
  5 shining eyes
  10 manticores
  8 ugly things
  A moth of wrath (Spider:3)
  3 cyclopes
  A moth of wrath (shapeshifter) (Depths:5)
  A frost giant skeleton (Depths:3)
  A manticore (shapeshifter) (Depths:3)
  7 merfolk sirens
  A black mamba (Lair:1)
  Maurice (D:12)
  2 torpor snails
  An ice statue (Spider:4)
  7 water nymphs
  Joseph (D:8)
  Maggie (D:8)
  3 spiny frogs
  A rime drake (Lair:3)
  2 gargoyles
  19 yaktaurs
  A rime drake (shapeshifter) (Depths:1)
  A tormentor (Zig:1)
  7 demonic crawlers
  A redback zombie (D:14)
  6 komodo dragons
  An efreet (D:15)
  A queen bee (Gauntlet)
  2 polar bears
  16 merfolk
  A tengu conjurer (D:15)
  6 trolls
  11 jumping spiders
  2 wind drakes (Shoals:4)
  A meliai (shapeshifter) (Depths:1)
  13 hornets
  47 slime creatures
  A tengu simulacrum (Depths:3)
  18 hippogriffs
  4 snapping turtles
  8 dream sheep
  A deep troll zombie (Zig:1)
  A centaur simulacrum (Gauntlet)
  A meliai zombie (D:15)
  2 shadows
  7 spriggans
  45 redbacks
  2 wyverns
  A wraith (D:13)
  19 yaks
  2 vampires (D:13)
  16 tarantellas
  Eustachio (D:6)
  Grum (D:8)
  A basilisk (D:13)
  A human (D:8)
  13 water elementals
  2 steam dragons
  11 golden eyes
  2 hungry ghosts
  3 wargs
  10 vampire mosquitoes
  4 water moccasins
  2 acid dragons
  3 floating eyes
  12 porcupines
  A human skeleton (Depths:1)
  13 orc warriors
  A meliai simulacrum (D:14)
  An ice beast (D:5)
  6 sky beasts
  A slave (D:6)
  2 black bears
  A necrophage (D:11)
  2 phantoms
  5 eyes of draining
  8 wolves
  An ice dragon simulacrum (Gauntlet)
  6 ogres
  A wolf (shapeshifter) (Depths:3)
  3 boggarts (Depths:4)
  29 centaurs
  10 crocodiles
  A big kobold (D:8)
  14 bullfrogs
  3 water moccasin zombies (Ossuary)
  A wyvern skeleton (D:12)
  8 scorpions
  A water moccasin skeleton (D:6)
  11 killer bees
  A jelly (D:14)
  10 wights (D:10)
  7 howler monkeys
  An electric eel (D:15)
  10 crimson imps
  A jelly (shapeshifter) (Depths:2)
  A wyvern simulacrum (Gauntlet)
  2 bullfrog zombies
  8 hounds
  5 centaur skeletons
  16 orc priests
  19 orc wizards
  4 bullfrog skeletons
  12 worker ants
  5 iguanas
  A big kobold zombie (Ossuary)
  A hound skeleton (D:4)
  2 mummies (Ossuary)
  2 worker ant zombies
  10 adders
  A gnoll (D:1)
  5 shadow imps
  5 white imps (IceCv)
  6 ufetubi (IceCv)
  2 oozes
  10 adder zombies
  2 dart slugs (D:1)
  7 leopard geckos
  50 orcs
  2 bats
  6 giant cockroaches
  3 goblins (D:1)
  3 hobgoblins
  8 jackals
  3 quokkas
  2 ball pythons
  5 frilled lizards
  A gnoll zombie (Ossuary)
  3 hobgoblin zombies (Ossuary)
  7 kobolds
  4 kobold zombies (Ossuary)
  2 leopard gecko skeletons
  6 orc zombies (Ossuary)
  A quokka skeleton (D:8)
  7 rats
  3 fungi
  6 plants
  2 tentacles (Shoals:4)
1176 creatures vanquished.

Vanquished Creatures (collateral kills)
  A caustic shrike (Depths:4)
  Arachne (Spider:4)
  Rupert (Lair:3)
  5 acid blobs
  An azure jelly (Slime:4)
  A fire giant (Depths:4)
  2 emperor scorpions (Spider:4)
  Louise (Depths:1)
  A very ugly thing (Depths:1)
  A spark wasp (Spider:4)
  A merfolk impaler (Shoals:2)
  2 death oozes (Slime:5)
  An ice dragon (Depths:4)
  An ogre mage (D:15)
  A deep troll shaman (Depths:4)
  A deep troll earth mage (Depths:4)
  2 satyrs (Shoals:4)
  3 two-headed ogres (D:15)
  A tengu warrior (Depths:4)
  3 orc high priests (Orc:2)
  A skeletal warrior (D:15)
  A sea snake (Shoals:4)
  A wolf spider (Spider:4)
  An orb spider (Spider:4)
  A harpy (Shoals:1)
  2 orc knights (Orc:2)
  2 shining eyes
  2 fauns
  A moth of wrath (Spider:4)
  2 manticores
  2 cyclopes
  2 merfolk sirens
  A centaur skeleton (D:15)
  A yaktaur (Depths:4)
  6 merfolk
  18 slime creatures
  A snapping turtle (Shoals:4)
  A dream sheep (Shoals:2)
  3 redbacks
  2 water elementals (Depths:4)
  A golden eye (Slime:3)
  4 orc warriors
  2 ogres (D:15)
  A centaur (Lair:3)
  A crocodile (Lair:3)
  2 orc priests (Orc:2)
  2 orcs (Orc:2)
  2 plants (Lair:3)
97 creatures vanquished.

Vanquished Creatures (others)
  A vampire knight (Depths:5)
  A merfolk aquamancer (Shoals:4)
  A death yak (Gauntlet)
  An unseen horror (D:13)
  A boggart (Depths:4)
  A crocodile (Lair:5)
  A white imp (IceCv)
  3 orcs (Orc:2)
  5 fungi (D:11)
  5 plants
20 creatures vanquished.

Grand Total: 1293 creatures vanquished

Notes
Turn   | Place    | Note
-------+----------+-------------------------------------------
     0 | D:1      | DDFiAutism the Deep Dwarf Fighter began the quest for the
                  | Orb.
     0 | D:1      | Reached XP level 1. HP: 20/20 MP: 1/1
    99 | D:1      | Reached skill level 3 in Axes
   119 | D:1      | Reached XP level 2. HP: 27/27 MP: 2/2
   398 | D:1      | Reached skill level 4 in Axes
   398 | D:1      | Reached XP level 3. HP: 19/33 MP: 3/3
   526 | D:3      | Found a shimmering blue altar of Sif Muna.
   571 | D:3      | Found a basalt altar of Yredelemnul.
   576 | D:3      | Reached XP level 4. HP: 38/40 MP: 4/4
   579 | D:3      | Reached skill level 5 in Axes
  1430 | D:5      | Entered Level 5 of the Dungeon
  1441 | D:5      | Reached skill level 6 in Axes
  1441 | D:5      | Reached XP level 5. HP: 39/46 MP: 5/5
  1531 | D:5      | Noticed a sky beast
  1534 | D:5      | Found a sacrificial altar of Ru.
  1563 | D:5      | Killed a sky beast
  1563 | D:5      | Reached skill level 7 in Axes
  1563 | D:5      | Reached XP level 6. HP: 39/55 MP: 6/6
  1682 | D:5      | Noticed an ice beast
  1694 | D:5      | Killed an ice beast
  1694 | D:5      | Reached skill level 8 in Axes
  1694 | D:5      | Reached XP level 7. HP: 38/61 MP: 7/7
  1816 | D:5      | Found a runed translucent door.
  1817 | D:5      | Noticed Crazy Yiuf
  2186 | D:6      | Got a distressingly furry plate armour
  2198 | D:6      | Identified the +10 plate armour of the Abyss {rF+ Stlth+}
                  | (You found it on level 6 of the Dungeon)
  2211 | D:6      | Reached skill level 9 in Axes
  2250 | D:6      | Found a staircase to the Ecumenical Temple.
  2260 | Temple   | Entered the Ecumenical Temple
  2320 | Temple   | Became a worshipper of Makhleb the Destroyer
  2350 | D:6      | Noticed Eustachio
  2364 | D:6      | Killed Eustachio
  2364 | D:6      | Reached skill level 10 in Axes
  2404 | D:6      | Noticed Pikel
  2435 | D:6      | Killed Pikel
  2435 | D:6      | Reached skill level 11 in Axes
  2435 | D:6      | Reached XP level 8. HP: 57/68 MP: 8/8
  2443 | D:7      | Found a sand-covered staircase.
  2451 | Ossuary  | Entered an ossuary
  2493 | Ossuary  | Reached skill level 1 in Invocations
  2557 | Ossuary  | Reached * piety under Makhleb
  2987 | D:7      | Gained mutation: You passively map the area around you.
                  | [Deep Dwarf growth]
  2987 | D:7      | Reached XP level 9. HP: 38/74 MP: 11/11
  3050 | D:8      | Reached ** piety under Makhleb
  3109 | D:8      | Reached skill level 5 in Armour
  3120 | D:8      | Reached skill level 12 in Axes
  3158 | D:8      | Noticed Grum
  3163 | D:8      | Reached skill level 5 in Invocations
  3173 | D:8      | Killed Grum
  3530 | D:8      | Noticed Maggie
  3556 | D:8      | Killed Maggie
  3556 | D:8      | Reached XP level 10. HP: 59/81 MP: 10/15
  3700 | D:8      | Noticed Joseph
  3719 | D:8      | Killed Joseph
  3731 | D:8      | Found an ornate altar of the Wu Jian Council.
  3797 | D:8      | Found a shadowy altar of Dithmenos.
  3992 | D:8      | Reached skill level 13 in Axes
  4025 | D:8      | Found a stormy altar of Qazlal.
  4025 | D:8      | Found a snail-covered altar of Cheibriados.
  4284 | D:9      | Noticed a green ugly thing
  4294 | D:9      | Killed a green ugly thing
  4301 | D:9      | Found a white marble altar of Elyvilon.
  4338 | D:9      | Reached *** piety under Makhleb
  4512 | D:9      | Found a staircase to the Orcish Mines.
  4576 | Orc:1    | Entered Level 1 of the Orcish Mines
  4646 | Orc:1    | Noticed an orc sorcerer
  4669 | Orc:1    | Killed an orc sorcerer
  4949 | Orc:2    | Entered Level 2 of the Orcish Mines
  4976 | Orc:2    | Noticed an orc sorcerer
  4978 | Orc:2    | Noticed an orc warlord
  4979 | Orc:2    | Noticed an orc sorcerer
  4988 | Orc:2    | Reached skill level 1 in Evocations
  4989 | Orc:2    | Killed an orc sorcerer
  4989 | Orc:2    | Reached XP level 11. HP: 79/88 MP: 18/18
  5003 | Orc:2    | Killed an orc sorcerer
  5012 | Orc:2    | Killed an orc warlord
  5096 | Orc:2    | Reached skill level 10 in Invocations
  5148 | Orc:2    | Found a staircase to the Elven Halls.
  5275 | Orc:2    | Noticed an orc knight
  5294 | Orc:2    | Killed an orc knight
  5318 | Orc:2    | Noticed an orc high priest
  5318 | Orc:2    | Noticed an orc high priest
  5318 | Orc:2    | Noticed an orc sorcerer
  5319 | Orc:2    | Noticed a sun demon
  5319 | Orc:2    | Noticed an orc knight
  5319 | Orc:2    | Noticed an orc sorcerer
  5319 | Orc:2    | Noticed an orc sorcerer
  5321 | Orc:2    | Noticed a sixfirhy
  5325 | Orc:2    | Killed an orc sorcerer
  5524 | Orc:2    | Killed an orc high priest
  5530 | Orc:2    | Killed an orc high priest
  5531 | Orc:2    | Killed an orc sorcerer
  5541 | Orc:2    | Noticed an orc high priest
  5541 | Orc:2    | Noticed an orc knight
  5543 | Orc:2    | Noticed a soul eater
  5543 | Orc:2    | Reached skill level 10 in Armour
  5550 | Orc:2    | Killed an orc high priest
  5558 | Orc:2    | Paralysed by an orc sorcerer for 4 turns
  5559 | Orc:2    | Noticed an orc knight
  5563 | Orc:2    | Killed an orc sorcerer
  5587 | Orc:2    | Killed an orc knight
  5605 | Orc:2    | Killed an orc knight
  5626 | Orc:2    | Killed an orc knight
  5739 | Orc:2    | Found Vuistrela's Food Emporium.
  5739 | Orc:2    | Found Yluzxirgh's General Store.
  5741 | Orc:2    | Found Xoaschan's Assorted Antiques.
  5741 | Orc:2    | Found Tuebrad's Gadget Shop.
  5749 | Orc:2    | Bought a tin of tremorstones (3/3) for 560 gold pieces
  5750 | Orc:2    | Bought a scroll labeled RIWNEIJU RAYG for 32 gold pieces
  5750 | Orc:2    | Bought a transparent pewter ring for 160 gold pieces
  5750 | Orc:2    | Bought a scroll of teleportation for 96 gold pieces
  5754 | Orc:2    | Bought a +0 pair of boots for 76 gold pieces
  5764 | Orc:2    | Bought a blackened garnet ring for 160 gold pieces
  5768 | Orc:2    | Identified the ring of the Priest {rElec rF+ rN+ Int+4
                  | Dex+4} (You bought it in a shop on level 2 of the Orcish
                  | Mines)
  5769 | Orc:2    | ok
  5936 | D:10     | Entered Level 10 of the Dungeon
  6086 | D:10     | Reached **** piety under Makhleb
  6309 | D:10     | Reached XP level 12. HP: 97/97 MP: 15/15
  6662 | D:11     | Reached skill level 14 in Axes
  6797 | D:11     | Reached skill level 10 in Evocations
  6935 | D:11     | Reached ***** piety under Makhleb
  7065 | D:12     | Noticed a two-headed ogre
  7075 | D:12     | Killed a two-headed ogre
  7503 | D:12     | Reached skill level 1 in Dodging
  7599 | D:12     | Noticed Maurice
  7604 | D:12     | Killed Maurice
  7892 | D:13     | Reached skill level 5 in Fighting
  7902 | D:13     | Noticed a centaur warrior
  7902 | D:13     | Noticed a centaur warrior
  7907 | D:13     | Killed a centaur warrior
  7909 | D:13     | Noticed an eight-headed hydra
  7917 | D:13     | Killed a centaur warrior
  7917 | D:13     | Killed an eight-headed hydra
  7958 | D:13     | Noticed a two-headed ogre
  7964 | D:13     | Reached XP level 13. HP: 107/111 MP: 16/16
  8109 | D:13     | Reached ****** piety under Makhleb
  8916 | D:14     | Found a gate leading to a gauntlet.
  8929 | Gauntlet | Entered a Gauntlet
  8929 | Gauntlet | Found a transporter.
  8929 | Gauntlet | Found a transporter.
  8972 | Gauntlet | Found a transporter.
  8982 | Gauntlet | Found a transporter.
  8990 | Gauntlet | Found a transporter.
  9015 | Gauntlet | Found a transporter.
  9020 | Gauntlet | Reached skill level 15 in Axes
  9026 | Gauntlet | Reached skill level 5 in Dodging
  9095 | Gauntlet | Got a spiked helmet
  9106 | Gauntlet | Identified the +4 helmet of Sophism {rPois rF+ Slay+3} (You
                  | found it in a Gauntlet)
  9155 | Gauntlet | Found a transporter.
  9155 | Gauntlet | Noticed a cacodemon
  9156 | Gauntlet | Found a transporter.
  9164 | Gauntlet | Found a transporter.
  9170 | Gauntlet | Found a transporter.
  9187 | Gauntlet | Got a shimmering cloak
  9198 | Gauntlet | Identified the +2 cloak of Hetuf {rElec rF+ Str-3} (You
                  | found it in a Gauntlet)
  9198 | Gauntlet | Okay
  9211 | Gauntlet | Noticed a minotaur
  9212 | Gauntlet | Found the +2 robe of Vines {NoPotionHeal Regen+7}
  9223 | Gauntlet | Killed a minotaur
  9311 | D:11     | Noticed Erolcha
  9318 | D:11     | Killed Erolcha
  9349 | D:11     | Found a staircase to the Lair.
  9354 | Lair:1   | Entered Level 1 of the Lair of Beasts
  9688 | Lair:1   | You fall into a shaft and drop 1 floor!
  9688 | Lair:2   | Found a hole to the Spider Nest.
  9724 | Spider:1 | Entered Level 1 of the Spider Nest
  9813 | Spider:1 | Noticed an entropy weaver
  9825 | Spider:1 | Killed an entropy weaver
 10383 | Spider:2 | You fall into a shaft and drop 1 floor!
 10423 | Spider:3 | Gained mutation: You resist negative energy. (rN+) [Deep
                  | Dwarf growth]
 10423 | Spider:3 | Reached XP level 14. HP: 123/123 MP: 19/19
 10486 | Spider:3 | Found a transporter.
 10489 | Spider:3 | Noticed Nikola
 10515 | Spider:3 | Killed Nikola
 10515 | Spider:3 | Reached skill level 16 in Axes
 10626 | Spider:3 | Found a transporter.
 10731 | Spider:3 | Identified Roxanne's Volume of Transmigration
 10731 | Spider:3 | Noticed Roxanne
 10743 | Spider:4 | Entered Level 4 of the Spider Nest
 10905 | Spider:4 | Noticed an entropy weaver
 10915 | Spider:3 | Killed a ghost moth
 11065 | Spider:4 | Noticed an entropy weaver
 11066 | Spider:4 | Noticed Bai Suzhen
 11076 | Spider:3 | Killed an entropy weaver
 11076 | Spider:3 | Reached skill level 15 in Evocations
 11095 | Spider:3 | Killed Bai Suzhen
 11165 | Spider:4 | Reached skill level 17 in Axes
 11203 | Spider:4 | Found a frozen archway.
 11260 | IceCv    | Entered an ice cave
 11420 | Spider:4 | Noticed an emperor scorpion
 11430 | Spider:4 | Killed a ghost moth
 11430 | Spider:4 | Reached XP level 15. HP: 123/129 MP: 0/22
 11471 | Spider:4 | Noticed Arachne
 11486 | Spider:4 | Killed Arachne
 11499 | Spider:4 | Killed a ghost moth
 11513 | Spider:4 | Killed a ghost moth
 11670 | Spider:4 | Reached skill level 18 in Axes
 11743 | Spider:4 | Got a gossamer rune of Zot
 12665 | Lair:3   | Noticed Rupert
 12671 | Lair:3   | Killed Rupert
 12673 | Lair:3   | Found a staircase to the Shoals.
 12702 | Shoals:1 | Entered Level 1 of the Shoals
 13381 | Shoals:2 | Reached skill level 19 in Axes
 13471 | Shoals:2 | Reached XP level 16. HP: 115/138 MP: 24/24
 13626 | Shoals:4 | Entered Level 4 of the Shoals
 13966 | Shoals:4 | Found Mazuicen's Jewellery Shop.
 14008 | Shoals:4 | Bought an uncursed amulet of reflection for 600 gold pieces
 14083 | Shoals:4 | Identified the +7 battleaxe of Nurun {flame, *Drain rC+
                  | Str+5 Int+5} (You found it on level 4 of the Shoals)
 14163 | Shoals:4 | Identified the +11 hunting sling "Tagg" {speed, rF+ SInv
                  | Stlth-}
 14228 | Shoals:4 | Reached skill level 20 in Axes
 14255 | Shoals:4 | Got a barnacled rune of Zot
 15316 | Lair:4   | Found a blossoming altar of Fedhas.
 15505 | Lair:5   | Found a staircase to the Slime Pits.
 15531 | Slime:1  | Entered Level 1 of the Pits of Slime
 15552 | Slime:2  | Noticed an acid blob
 15557 | Slime:2  | Noticed an acid blob
 15558 | Slime:2  | Killed an acid blob
 15571 | Slime:2  | Killed an acid blob
 15573 | Slime:2  | Reached XP level 17. HP: 113/146 MP: 23/23
 15578 | Slime:2  | Gained mutation: Scrolls take you a little longer to read.
                  | [a shining eye]
 15583 | Slime:2  | Lost mutation: Scrolls take you a little longer to read.
                  | [potion of mutation]
 15583 | Slime:2  | Gained mutation: You are resistant to hostile enchantments.
                  | (MR+) [potion of mutation]
 15583 | Slime:2  | Gained mutation: Your muscles are strong. (Str +2) [potion
                  | of mutation]
 15610 | Slime:3  | Noticed an acid blob
 15618 | Slime:3  | Killed an acid blob
 15621 | Slime:3  | Noticed an acid blob
 15634 | Slime:3  | Killed an acid blob
 15723 | Slime:5  | Entered Level 5 of the Pits of Slime
 15733 | Slime:5  | Noticed an acid blob
 15741 | Slime:5  | Killed an acid blob
 15829 | Slime:5  | Noticed an acid blob
 16039 | Slime:5  | Killed an acid blob
 16050 | Slime:5  | Gained mutation: You passively map a large area around you.
                  | [Deep Dwarf growth]
 16050 | Slime:5  | Reached XP level 18. HP: 157/157 MP: 24/24
 16064 | Slime:5  | Noticed the Royal Jelly
 16071 | Slime:4  | You fall into a shaft and drop 1 floor!
 16260 | Slime:4  | Reached skill level 21 in Axes
 16303 | Slime:5  | Reached skill level 10 in Fighting
 16345 | Slime:5  | Found a viscous altar of Jiyva.
 16384 | Slime:5  | Gained mutation: You tend to lose your temper in combat. [a
                  | shining eye]
 16416 | Slime:5  | Killed the Royal Jelly
 16416 | Slime:5  | Reached skill level 15 in Armour
 16474 | Slime:5  | Identified a scroll of acquirement {!r}
 16481 | Slime:5  | Got a slimy rune of Zot
 16499 | Slime:5  | Got a jewelled broad axe
 16500 | Slime:5  | Identified the +7 broad axe of Qazlal's Regard {vorpal,
                  | SInv} (You found it on level 5 of the Pits of Slime)
 16516 | Slime:5  | Identified the amulet of Muruocw {RegenMP rF+ Dex+3} (You
                  | found it on level 5 of the Pits of Slime)
 17026 | D:14     | Found a gate to the Vaults.
 17260 | D:14     | Lost mutation: You are resistant to hostile enchantments.
                  | (MR+) [potion of mutation]
 17260 | D:14     | Lost mutation: You tend to lose your temper in combat.
                  | [potion of mutation]
 17260 | D:14     | Gained mutation: Your mind is acute. (Int +2) [potion of
                  | mutation]
 17260 | D:14     | Gained mutation: Scrolls take you a little longer to read.
                  | [potion of mutation]
 17260 | D:14     | Gained mutation: You are partially covered in icy blue
                  | scales. (AC +2) [potion of mutation]
 17261 | D:14     | Lost mutation: Your muscles are strong. (Str +2) [potion of
                  | mutation]
 17261 | D:14     | Lost mutation: Your mind is acute. (Int +2) [potion of
                  | mutation]
 17261 | D:14     | Gained mutation: Your spells are a little easier to cast,
                  | but a little less powerful. [potion of mutation]
 17261 | D:14     | Lost mutation: Scrolls take you a little longer to read.
                  | [potion of mutation]
 17261 | D:14     | Gained mutation: Your skin changes colour to match your
                  | surroundings (Stealth+). [potion of mutation]
 17261 | D:14     | Gained mutation: You are covered in fur. (AC +1) [potion of
                  | mutation]
 17285 | D:15     | Entered Level 15 of the Dungeon
 17526 | D:15     | Reached XP level 19. HP: 170/170 MP: 6/24
 17726 | D:15     | Found Rymooroe's Armour Emporium.
 17959 | D:15     | Found a staircase to the Depths.
 17964 | Depths:1 | Entered Level 1 of the Depths
 17978 | Depths:1 | Found a gateway to Hell.
 18112 | Depths:1 | Found a one-way gate to the infinite horrors of the Abyss.
 18112 | Depths:1 | Noticed Louise
 18120 | Depths:1 | Killed Louise
 18591 | Depths:2 | Paralysed by a floating eye for 3 turns
 18602 | Depths:2 | Noticed a lich
 18615 | Depths:2 | Noticed a caustic shrike
 18626 | Depths:2 | Killed a lich
 18626 | Depths:2 | Killed a caustic shrike
 18635 | Depths:2 | Reached skill level 5 in Shields
 18792 | Depths:2 | Noticed a caustic shrike
 18800 | Depths:2 | Killed a caustic shrike
 18800 | Depths:2 | Reached skill level 1 in Throwing
 18944 | Depths:2 | Noticed a caustic shrike
 18961 | Depths:2 | Killed a caustic shrike
 19025 | Depths:2 | Noticed a golden dragon
 19038 | Depths:2 | Killed a golden dragon
 19133 | Depths:2 | Reached XP level 20. HP: 184/184 MP: 24/24
 19593 | Depths:3 | Found a runed translucent door.
 19706 | Depths:3 | Noticed a juggernaut
 19710 | Depths:3 | Paralysed by a floating eye for 3 turns
 19776 | Depths:3 | Killed a juggernaut
 19790 | Depths:3 | Paralysed by a floating eye for 3 turns
 19859 | Depths:3 | Reached skill level 5 in Throwing
 19859 | Depths:3 | Reached skill level 10 in Dodging
 19863 | Depths:3 | Found a one-way gate leading to the halls of Pandemonium.
 20304 | Depths:4 | Noticed Boris
 20323 | Depths:4 | Killed Boris
 20452 | Depths:4 | Reached XP level 21. HP: 194/194 MP: 23/23
 20476 | Depths:4 | Noticed a caustic shrike
 20489 | Depths:4 | Killed a caustic shrike
 20537 | Depths:5 | Entered Level 5 of the Depths
 20733 | Depths:5 | Reached skill level 15 in Invocations
 20749 | Depths:5 | Found a gate to the Realm of Zot.
 20831 | Depths:5 | Reached skill level 10 in Shields
 20976 | Depths:5 | Found a gateway to a ziggurat.
 20989 | Zig:1    | Entered Level 1 of a ziggurat
 21115 | Zig:2    | Entered Level 2 of a ziggurat
 21116 | Zig:2    | Noticed Quiso the pandemonium lord
 21122 | Zig:2    | Killed from afar by Quiso the pandemonium lord

Illustrated notes ......(..)##.÷÷......# ##.# ##........##.........# ### ###.#.....###÷..○....# $###......# #..÷.....# .# #......# #.÷..÷...# ## ##.....# ##......## # ####### #∩....∩# ##....## ##@∩## #### Turn 5769 on Orc:2: ok

©* * * ,, *, *, ,*
.8.####.##...##.#... , * ,
...#..#..=}WW...#... * , , ,
* .8.#..###########... *
...#≈.............≈. , ,
.8.#∩............≈8≈ ,, .....
...#§.............≈. , .....
*.8.#..###########...* #####
, ...#..#...)©@...#... .....
,, .8.####.#.....#.#... #.##.
**.....©#.##...##,#... ,*
#..# ,
.8.####..#####..#.###.#. #..#
,,*
...#..#....©....#.#©#3.#####.
* * ≈8
#..#..##.##..#.#.#=#..#©.# #
*#..#.##...##.#.#.#!#..#..#
#..#.#.....#.#.#.#3.##.##.
#..#.........#.#.#2.......


Turn 9198 on Gauntlet: Okay

Levels and vault maps discovered:
D:1:      dpeg_arrival_three_bigger_balls, layout_loops_ring, nrook_mini_vaults
D:2:      layout_rooms, zin_angel, vehumet_crystals, marbit_many_paths,
          chequers_ecumenical_altar_simple_redux, kennysheep_generic_room_8,
          uniq_robin
D:3:      lemuel_castle_with_subvaults [lemuel_castle_interior_carwin_2],
          layout_rooms, led_sif_pool, old_standard_altar, first_ration,
          corexii_hall_statues_l
D:4:      layout_basic
D:5:      layout_loops_ring, basic_altar, kennysheep_generic_room_15,
          uniq_crazy_yiuf_cottage
D:6:      minmay_chambers_of_threes, layout_basic,
          nicolae_overflow_hidden_temple, minmay_temple_entry_wispy,
          uniq_sigmund, uniq_pikel, uniq_eustachio
D:7:      layout_loops_ring, serial_shops, kennysheep_mini_moat,
          nicolae_ossuary_entry_monument
D:8:      layout_loops_ring, grunt_dithmenos_smoke_and_mirrors,
          kennysheep_little_box, gammafunk_temple_overflow_statue,
          nicolae_wwwww, grunt_pizzeria, grunt_nemelex_the_gamble, uniq_joseph,
          uniq_maggie, uniq_grum
D:9:      layout_roguey, overflow_temple_1_default, orc_0_dummy,
          lightli_fourway_metalbox
D:10:     layout_basic
D:11:     layout_long_grid, grunt_lair_entry_orc_guard_hut, uniq_erolcha
D:12:     layout_basic, uniq_maurice
D:13:     layout_gridville, minmay_quadrilaterals
D:14:     minmay_the_grid_four_pointed_star_mashed
          [minmay_the_grid_triangle_9x9_stretched_checkered,
          minmay_the_grid_triangle_9x9_corrupted_corridor,
          minmay_the_grid_triangle_9x9_descending_squares,
          minmay_the_grid_triangle_9x9_checkered,
          minmay_the_grid_prize_inner_circle], layout_loops_ring,
          lightli_vaults_fourway_checkpoint, gauntlet_entry_generic
D:15:     hangedman_depths_entry_civil_slaughter, layout_rooms, serial_shops,
          nicolae_shop_competitors_out_of_business, fountainhead,
          minmay_crystal_room
Temple:   jpeg_temple_clearing
Lair:1:   layout_loops_ring, grunt_megastairs_4
Lair:2:   layout_gridlike, spider_nest_entry_a, chequers_serial_rivers_large_a,
          grunt_megastairs_5
Lair:3:   layout_loops_ring, minmay_shoals_entry_centaurs,
          infiniplex_staircase_pool_2, minmay_lair_oklob_chamber, uniq_rupert
Lair:4:   layout_regular_city, basic_altar, lemuel_fruit_tree,
          wad_woods_river_01
Lair:5:   layout_misc_corridors, minmay_slime_entry_oklob_enclosed,
          serial_bayou_pond_a
Shoals:1: layout_shoals, st_sunken_temple
Shoals:2: layout_shoals
Shoals:3: layout_shoals
Shoals:4: shoals_end_grunt_ice, layout_shoals, serial_shops, shop
Spider:1: layout_spider_delve
Spider:2: layout_spider_delve, hive_lemuel, uniq_aizul
Spider:3: gammafunk_its_a_trap, uniq_roxanne, uniq_nikola
Spider:4: johnstein_spider_rune_arachne_lair,
          portal_ice_cave_entry_ice_statue_one, uniq_bai_suzhen
Slime:1:  layout_caves
Slime:2:  layout_caves
Slime:3:  layout_caves
Slime:4:  layout_caves
Slime:5
Orc:1:    layout_caves
Orc:2:    grunt_orc_tribal_feast, layout_caves
Depths:1: layout_small_grid, serial_bayou_shore_a,
          nicolae_abyss_entry_one_way_or_another, lightli_too_deep,
          minmay_misc_feat_doors, nicolae_ashenzari_panopticon,
          minmay_shop_grove
Depths:2: minmay_three_patterns, layout_cave_pools, grunt_decor_cap,
          grunt_hell_entry_dis_grunt, kennysheep_island_fort,
          infiniplex_staircase_door_maze
Depths:3: minmay_gate_of_8, layout_basic, hangedman_geh_valley, abyss_entry,
          hangedman_abyss_or_decor_stagger, pan_entry
Depths:4: kennysheep_green_arena, layout_cave_pools, hell_entry,
          chequers_serial_rivers_room_a, abyss_entry, water_maze_lemuel,
          uniq_boris
Depths:5: grunt_zot_entry_funnels, layout_honeycomb, enter_ziggurat_e,
          hell_entry, serial_sigils, serial_sigils_hangedman_writhe,
          serial_sigils_hangedman_snap, serial_sigils_hangedman_stare,
          serial_sigils_hangedman_gnaw, serial_sigils_hangedman_shear,
          minmay_checkered_concentric_circles
Zig:2:    ziggurat_pillar_abc, ziggurat_pillar_abc, ziggurat_pillar_abc,
          ziggurat_pillar_abc

Skill      XL: |  1  2  3  4  5  6  7  8  9 10 11 12 13 14 15 16 17 18 19 20 21 |
---------------+----------------------------------------------------------------+-----
Axes           | 3 4 6 7 8 11 12 13 14 15 17 19 20 21 | 21.9
Invocations    | 3 7 9 11 12 14 15 | 15.3
Armour         | 4 7 9 10 11 13 14 15 16 | 16.1
Evocations     | 2 9 11 13 16 18 19 | 19.0
Fighting       | 3 5 7 8 9 10 12 13 | 13.7
Dodging        | 3 6 8 10 11 | 11.6
Shields        | 6 9 10 | 10.2
Throwing       | 2 6 7 |  7.4

Action                   |  1- 3 |  4- 6 |  7- 9 | 10-12 | 13-15 | 16-18 | 19-21 || total
-------------------------+-------+-------+-------+-------+-------+-------+-------++-------
Melee: War axe           |    98 |   117 |   352 |   644 |   773 |       |       ||  1984
       Broad axe         |       |       |       |       |   237 |   414 |   819 ||  1470
       Battleaxe         |       |       |       |       |       |   241 |       ||   241
Throw: Dart              |       |     2 |       |     3 |     4 |       |       ||     9
       Throwing net      |       |       |       |       |       |       |     4 ||     4
Invok: Lesser Servant of |       |       |       |    12 |     1 |     2 |     2 ||    17
       Greater Servant o |       |       |       |       |     8 |    12 |     7 ||    27
 Abil: Heal Wounds       |     1 |     3 |     4 |    11 |     5 |     6 |     6 ||    36
       Evoke Flight      |       |       |       |       |       |     6 |       ||     6
Evoke: Wand              |       |       |       |    12 |    12 |    14 |    10 ||    48
       Tin of tremorston |       |       |       |     2 |     8 |    11 |    14 ||    35
       Phantom mirror    |       |       |       |       |       |     2 |       ||     2
  Use: Scroll            |       |     6 |     8 |    13 |    13 |     9 |     5 ||    54
       Potion            |       |       |     2 |     1 |     5 |     7 |     1 ||    16
 Stab: Distracted        |       |       |       |     4 |     5 |     2 |    10 ||    21
       Invisible         |       |       |       |       |     7 |       |       ||     7
  Eat: Chunk             |       |     3 |     2 |    11 |    13 |     7 |     8 ||    44
       Ration            |       |       |     2 |     1 |     2 |     4 |     2 ||    11
Armor: Scale mail        |    55 |    54 |     8 |       |       |       |       ||   117
       Plate armour      |       |       |   207 |   433 |   937 |   497 |   566 ||  2640
       Storm dragon scal |       |       |       |       |    49 |       |       ||    49
Dodge: Dodged            |    31 |    36 |    79 |   126 |   567 |   295 |   374 ||  1508
Block: Kite shield       |    35 |    62 |   180 |   346 |   627 |   271 |   487 ||  2008
       Other             |       |       |       |       |       |    30 |       ||    30
       Reflection        |       |       |       |       |       |     4 |       ||     4
